 Dungeon Crawl Stone Soup version 0.29.1-2-gbd0b4ee654 (webtiles) character file.

Game seed: 11792900626517970609

518 Nerdsrcool the Ruffian (level 7, 0/66 HPs)
             Began as a Troll Warper on Nov 2, 2022.
             Slain by a water moccasin (1 damage)
             ... on level 5 of the Dungeon.
             The game lasted 00:19:06 (2851 turns).

Nerdsrcool the Ruffian (Troll Warper)               Turns: 2851, Time: 00:19:07

Health: 0/66       AC:  5    Str: 22    XL:     7   Next: 1%
Magic:  8/9        EV: 14    Int: 15    God:
Gold:   268        SH:  0    Dex:  9    Spells: 2/10 levels left

rFire   . . .      SeeInvis .   u - +3 flail
rCold   . . .      Faith    .   (no shield)
rNeg    . . .      Spirit   .   a - +0 robe
rPois   .          Reflect  .   (helmet restricted)
rElec   .          Harm     .   b - +0 cloak
rCorr   .          Rampage  .   (gloves unavailable)
Will    .....                   (boots unavailable)
Stlth   +.........              y - amulet of regeneration
HPRegen 1.81/turn               f - +6 ring of intelligence
MPRegen 0.11/turn               o - +4 ring of evasion

@: mighty, lethally poisoned (0 -> -2)
A: large, unfitting armour, claws 3, regeneration 1, shaggy fur 1, tough skin 1
a: no special abilities


You were on level 5 of the Dungeon.
You visited 1 branch of the dungeon, and saw 5 of its levels.

You collected 268 gold pieces.

Inventory:

Hand Weapons
 d - a +1 dagger of electrocution
 h - a +0 spear
 u - a +3 flail (weapon)
Missiles
 i - 6 boomerangs
 l - 2 atropa-tipped darts
 z - 3 curare-tipped darts
Armour
 a - a +0 robe (worn)
 b - a +0 cloak (worn)
 n - a +0 plate armour
 q - a +0 scale mail
Magical Staves
 p - a staff of cold
Jewellery
 f - a +6 ring of intelligence (left claw)
 o - a +4 ring of evasion (right claw)
 y - an amulet of regeneration (around neck)
Wands
 B - a wand of flame (1)
Scrolls
 e - a scroll of poison {unknown}
 j - a scroll of fog
 k - a scroll of silence {unknown}
 m - a scroll of teleportation {unknown}
 t - a scroll of magic mapping {unknown}
 v - a scroll of enchant weapon {unknown}
Potions
 c - a potion of ambrosia {unknown}
 s - a potion of flight {unknown}
 w - 2 potions of mutation {unknown}
 x - a potion of might
 A - a potion of brilliance


   Skills:
 + Level 2.9 Fighting
 + Level 2.6 Throwing
 + Level 3.2 Dodging
 + Level 3.4 Unarmed Combat
 + Level 2.2 Spellcasting
 + Level 3.1 Translocations


You had 2 spell levels left.
You knew the following spells:

 Your Spells              Type           Power      Damage    Failure   Level
a - Blink                 Tloc           22%        N/A       9%          2
b - Gell's Gravitas       Tloc           11%        N/A       19%         3
c - Portal Projectile     Hex/Tloc       12%        N/A       34%         3

Your spell library contained the following spells:

 Spells                   Type           Power      Damage    Failure   Level
 Beastly Appendage        Tmut           2%         N/A       22%         1
 Ensorcelled Hibernation  Hex/Ice        2%         N/A       32%         2
 Passwall                 Tmut/Erth      0%         N/A       32%         2
 Wereblood                Tmut           1%         N/A       32%         2
 Lesser Beckoning         Tloc           11%        N/A       19%         3
 Teleport Other           Tloc           11%        N/A       19%         3
 Conjure Flame            Conj/Fire      1%         6-21      54%         3
 Ignite Poison            Fire/Tmut/Pois 1%         N/A       54%         3
 Spider Form              Tmut/Pois      1%         N/A       54%         3
 Swiftness                Air            1%         N/A       54%         3
 Tukima's Dance           Hex            1%         N/A       54%         3
 Manifold Assault         Tloc           11%        N/A       86%         5
 Sticky Flame             Conj/Fire      1%         2d3       91%         4
 Blade Hands              Tmut           0%         N/A       99%         5


Dungeon Overview and Level Annotations

Branches:
Dungeon (5/15)
 Temple: D:4-7

Altars:
Dithmenos
The Shining One

Shops:
D:3 *

Annotations:
D:5 Pikel


Innate Abilities, Weirdness & Mutations

You are too large for most types of armour.
You have claws for hands.
Your natural rate of healing is unusually fast.
You are covered in fur. (AC +1)
You have tough skin. (AC +1)


Message History

* * * LOW HITPOINT WARNING * * *
The lemure hits you.
* * * LOW HITPOINT WARNING * * *
You feel better. The water moccasin bites you!
* * * LOW HITPOINT WARNING * * *
You are poisoned.
The water moccasin poisons you! The lemure misses you.
The lemure completely misses you.
Aiming: Throw Flame
Press: ? - help, Q - select action, (/) - cycle Shift-Dir - straight line, f - water moccasin
Aim: a water moccasin (48% to hit)
The puff of flame misses the water moccasin.
The puff of flame misses the iguana.
The puff of flame hits Pikel!
Pikel is severely wounded.
You feel very sick.
The water moccasin completely misses you.
The water moccasin bites you but does no damage.
The lemure hits you but does no damage. The lemure closely misses you.
You hit the water moccasin but do no damage.
You hear the slow rusting of a very distant drain.
You feel very sick. The water moccasin bites you.
* * * LOW HITPOINT WARNING * * *
You are more poisoned.
The water moccasin poisons you! The lemure closely misses you.
The lemure hits you but does no damage. The water moccasin barely misses you.
As you read the scroll labelled GADO BEGHY GYVOALI, it crumbles to dust.
The scroll dissolves into smoke.
It was a scroll of fog.
* * * LOW HITPOINT WARNING * * *
You feel very sick. The water moccasin bites you.
* * * LOW HITPOINT WARNING * * *
The lemure completely misses you. The lemure barely misses you.
It was a potion of might.
You feel very mighty all of a sudden.
* * * LOW HITPOINT WARNING * * *
You feel very sick. The water moccasin bites you.
You die...

#.######.# #........#
#........######
####........K......
#.....>.........###
#.#.5...........#####
.###
#JlK§.....#.5......
.....#5S55..(..#.<####
.....§§@#.#....#..#
$####§§§#.###.##..#
...§§§#.# .##..#
####..##.# ...# #..
..... #.. #...# ...
...## ##..


You could see Pikel, a water moccasin, 3 lemures, an iguana and a jelly.

Vanquished Creatures
  The ghost of xian the Shooter, an amateur TeHu (D:4)
  A necrophage (D:4)
  A wyvern skeleton (D:4)
  A howler monkey (D:4)
  A bullfrog skeleton (D:4)
  A jelly (D:4)
  A hound (D:5)
  Jessica (D:2)
  Terence (D:2)
  An orc wizard (D:3)
  An iguana (D:4)
  2 adders (D:4)
  5 worms
  3 dart slugs
  3 orcs (D:3)
  5 ball pythons
  7 bats
  6 endoplasms
  3 giant cockroaches
  5 goblins
  6 hobgoblins
  A jackal (D:1)
  2 frilled lizards
  10 kobolds
  4 rats
73 creatures vanquished.

Notes
Turn   | Place    | Note
-------+----------+-------------------------------------------
     0 | D:1      | Nerdsrcool the Troll Warper began the quest for the Orb.
     0 | D:1      | Reached XP level 1. HP: 19/19 MP: 1/1
    83 | D:1      | Reached skill level 1 in Throwing
   218 | D:1      | Reached XP level 2. HP: 28/28 MP: 3/3
   221 | D:1      | Learned a level 2 spell: Blink
   658 | D:2      | Noticed Jessica
   675 | D:2      | Killed Jessica
   676 | D:2      | Reached XP level 3. HP: 9/35 MP: 1/4
   903 | D:2      | Learned a level 3 spell: Gell's Gravitas
  1077 | D:2      | Noticed Terence
  1094 | D:2      | Killed Terence
  1095 | D:2      | Reached XP level 4. HP: 16/42 MP: 5/5
  1348 | D:3      | Found Morol's Assorted Antiques.
  1400 | D:3      | Found a glowing golden altar of the Shining One.
  1427 | D:3      | Found a shadowy altar of Dithmenos.
  1448 | D:3      | Reached XP level 5. HP: 41/49 MP: 6/6
  1973 | D:4      | Found a transporter.
  2206 | D:4      | Found a transporter.
  2206 | D:4      | Noticed xian's ghost (amateur TeHu)
  2321 | D:4      | Reached XP level 6. HP: 59/59 MP: 6/8
  2623 | D:4      | Learned a level 3 spell: Portal Projectile
  2675 | D:4      | Killed xian's ghost
  2805 | D:5      | Entered Level 5 of the Dungeon
  2805 | D:5      | Noticed Pikel
  2806 | D:5      | Noticed a water moccasin
  2809 | D:5      | Reached XP level 7. HP: 66/66 MP: 5/9
  2823 | D:5      | HP: 3/66 [iguana (9)]
  2851 | D:5      | HP: 1/66 [poisoned by a water moccasin]
  2851 | D:5      | Slain by a water moccasin

Illustrated notes

Levels and vault maps discovered:
D:1:      heliophobic_arrival_ceremonial_halls, layout_rooms,
          minmay_pentomino_v4
D:2:      layout_basic, nicolae_figureground_pulse, uniq_terence, uniq_jessica
D:3:      layout_rooms, tso_metal_star, grunt_dithmenos_smoke_and_mirrors,
          serial_shops, shop_coins, chequers_avenue
D:4:      layout_basic, gammafunk_ghost_mausoleum
D:5:      layout_loops_ring, mainiacjoe_overflow_boulevard,
          minmay_temple_entry_purple_smoke, gammafunk_ghost_cemetery,
          portal_sewer_entry_b, patterned_corridor, uniq_pikel

Skill      XL: |  1  2  3  4  5  6 |
---------------+-------------------+-----
Dodging        | 2 3 |  3.2
Throwing       | 1 2 |  2.6
Fighting       | 2 |  2.9
Unarmed Combat | 3 |  3.4
Spellcasting   | 2 |  2.2
Translocations | 3 |  3.1

Action                   |  1- 3 |  4- 6 |  7- 9 || total
-------------------------+-------+-------+-------++-------
Melee: Dagger            |    40 |       |       ||    40
       Spear             |   119 |    57 |       ||   176
       Punch             |     2 |     4 |       ||     6
       Flail             |       |   132 |    14 ||   146
Throw: Boomerang         |     7 |       |       ||     7
 Cast: Blink             |     2 |       |     1 ||     3
       Gell's Gravitas   |     1 |     1 |       ||     2
Evoke: Wand              |       |       |     3 ||     3
  Use: Scroll            |     1 |     1 |     1 ||     3
       Potion            |       |       |     5 ||     5
 Stab: Sleeping          |       |     1 |       ||     1
Armor: Robe              |    62 |    53 |    14 ||   129
Dodge: Dodged            |    94 |   180 |    63 ||   337
